 Dungeon Crawl Stone Soup version 0.22.1-2-g9c5b331383 (webtiles) character file.

2675 McIrco the Covert (level 9, -4/65 HPs)
             Began as a Vampire Assassin on Jan 6, 2019.
             Slain by a killer bee (9 damage)
             ... on level 6 of the Dungeon.
             The game lasted 00:32:29 (15438 turns).

McIrco the Covert (Vampire Assassin)               Turns: 15438, Time: 00:32:30

Health: -4/65      AC:  0    Str: 10    XL:     9   Next: 37%
Magic:  0/9        EV: 27    Int: 13    God:
Gold:   254        SH:  0    Dex: 24    Spells: 8/8 levels left

rFire    . . .     SeeInvis +   (weapon currently unavailable)
rCold    + + .     Gourm    .   (shield currently unavailable)
rNeg     + + +     Faith    .   (armour currently unavailable)
rPois    ∞         Spirit   +   (helmet currently unavailable)
rElec    .         Reflect  .   (cloak currently unavailable)
rCorr    .         Harm     .   (gloves currently unavailable)
MR       .....                  (boots currently unavailable)
Stlth    +++++++...             s - amulet of guardian spirit (curse)
HPRegen  0.00/turn              (ring currently unavailable)
MPRegen  0.11/turn              (ring currently unavailable)

@: bat-form, flying, bloodless, non-regenerating, very quick
A: tiny, fangs 3, see invisible
a: End Transformation


You were on level 6 of the Dungeon.
You were bloodless.
You were in vampire-bat-form.
You visited 1 branch of the dungeon, and saw 7 of its levels.
You also visited: Sewer.

You collected 254 gold pieces.

Inventory:

Hand Weapons
 a - a cursed +3 dagger of venom
 b - a cursed +0 blowgun
 n - the cursed +13 scythe of Curses (melded) {drain, *Curse}
   (You found it on level 5 of the Dungeon)

   A truly terrible weapon, it drains the life of those it strikes.
   It curses itself when equipped.
   It has a curse placed upon it.
Missiles
 e - 41 poisoned needles
 f - 2 curare-tipped needles
 w - 6 exploding tomahawks (quivered)
Armour
 c - a cursed +0 robe
 d - a cursed +1 cloak (melded)
 x - a cursed +0 buckler
 z - a cursed +1 robe of cold resistance
 E - a cursed +2 robe of resistance (melded)
Jewellery
 p - a cursed ring of protection from magic (melded)
 s - a cursed amulet of guardian spirit (around neck)
 t - a cursed ring of wizardry (melded)
 G - a cursed ring of stealth {unknown}
Wands
 m - a wand of paralysis (11)
 A - a wand of flame (35)
 F - a wand of random effects (16)
Scrolls
 i - 4 scrolls of remove curse
 j - a scroll of immolation
 k - 8 scrolls of identify
 o - 2 scrolls of blinking
 r - a scroll of silence {unknown}
 y - 2 scrolls of enchant weapon
Potions
 g - 2 potions of blood
 h - a potion of might {unknown}
 l - a potion of cancellation {unknown}
 q - a potion of heal wounds {unknown}
 u - 3 potions of haste {unknown}
 v - 2 potions of lignification
 C - a potion of flight {unknown}
 D - 4 potions of curing {unknown}
Miscellaneous
 B - a phantom mirror


   Skills:
 + Level 4.2 Fighting
 - Level 7.0 Short Blades
 + Level 3.6 Polearms
 + Level 2.4 Throwing
 - Level 3.1 Armour
 * Level 6.2 Dodging
 + Level 10.6 Stealth
 - Level 1.3 Shields


You had 8 spell levels left.
You didn't know any spells.
Your spell library was empty.

Dungeon Overview and Level Annotations

Branches:
Dungeon (7/15)
 Temple: D:4-7

Altars:
Fedhas

Annotations:
D:6 1 runed door


Innate Abilities, Weirdness & Mutations

You do not heal naturally.
You are immune to poison.
You have razor-sharp teeth.
You have supernaturally acute eyesight. (SInv)
((You can survive without breathing.))


Message History

Your cursed ring of wizardry melds into your body.
Your cursed ring of protection from magic melds into your body.
You feel hot and cold all over.
The killer bee completely misses you. x2
The killer bee stings you.
* * * LOW HITPOINT WARNING * * *
The killer bee closely misses you. The killer bee barely misses you.
The killer bee completely misses you.
Unknown command.
Unknown command.
Unknown command.
The killer bee misses you.
There is an open gate here.
The killer bee misses you. The killer bee misses you.
The killer bee stings you.
* * * LOW HITPOINT WARNING * * *
The killer bee stings you!
* * * LOW HITPOINT WARNING * * *
The killer bee stings you!
You die...

.....##############.....##....)..
[...........##.....####.##.......
.#.###..............###.##.......
...##................##...#......
.####......†..#......####........
.# #.........#......# ###....#.
## #..<......#......# ####...
#........###.....# #..#
#........#)#b....############
##.......#+#yy...##.....#
#...(..##.##y.#.....[..#
#.###..#...#...###.....#
#.##..##...##..........#
#.#..##.....##..##.....#
#...##.......##..#.....#
#..##+##...##'##.#.....#
#..#...#####†..#.......#


You could see 3 killer bees.

Vanquished Creatures
  Sigmund (D:4)
  5 soldier ants (D:6)
  3 water moccasins (D:6)
  2 sky beasts (D:5)
  An ice beast (D:6)
  A phantom (D:5)
  2 ogres
  Blork the orc (D:5)
  A wyvern skeleton (D:7)
  3 killer bees (D:6)
  A howler monkey (D:4)
  A crimson imp (D:5)
  A quasit (D:5)
  2 orc priests
  A jelly (D:5)
  A hound (D:5)
  3 orc wizards
  Ijyb (D:3)
  5 worker ants
  A hound skeleton (D:3)
  11 adders
  4 gnolls
  An adder skeleton (D:3)
  7 worms
  5 dart slugs
  8 leopard geckos
  18 orcs
  8 giant cockroaches
  9 goblins
  6 hobgoblins
  15 jackals
  2 quokkas
  3 ball pythons
  13 bats
  7 frilled lizards
  5 kobolds (D:2)
  A leopard gecko skeleton (D:6)
  4 rats
164 creatures vanquished.

Vanquished Creatures (collateral kills)
  A hippogriff (D:7)
1 creature vanquished.

Grand Total: 165 creatures vanquished

Notes
Turn   | Place    | Note
-------+----------+-------------------------------------------
     0 | D:1      | McIrco the Vampire Assassin began the quest for the Orb.
     0 | D:1      | Reached XP level 1. HP: 16/16 MP: 1/1
  2372 | D:1      | Reached skill level 6 in Stealth
  2482 | D:1      | Reached XP level 2. HP: 22/22 MP: 2/2
  3342 | D:2      | Reached skill level 1 in Armour
  3342 | D:2      | Reached XP level 3. HP: 27/27 MP: 3/3
  3979 | D:3      | Noticed Ijyb
  3988 | D:3      | Killed Ijyb
  3988 | D:3      | Reached skill level 7 in Stealth
  3988 | D:3      | Reached XP level 4. HP: 33/33 MP: 4/4
  5187 | D:4      | Reached XP level 5. HP: 38/38 MP: 5/5
  5214 | D:3      | HP: 1/38 [orc wizard/dagger (3)]
  5972 | D:3      | Reached skill level 8 in Stealth
  6190 | D:2      | Found a blossoming altar of Fedhas.
  6913 | D:2      | Reached XP level 6. HP: 13/44 MP: 2/6
  8117 | D:4      | Noticed Sigmund
  8133 | D:4      | Killed Sigmund
  8133 | D:4      | Reached XP level 7. HP: 32/51 MP: 7/7
  9016 | D:5      | Entered Level 5 of the Dungeon
  9942 | D:5      | Noticed Blork the orc
  9945 | D:5      | Killed Blork the orc
  9959 | D:5      | Reached skill level 9 in Stealth
 10666 | D:5      | Found the cursed +13 scythe of Curses {drain, *Curse}
 10898 | D:5      | HP: 1/52 [acid (4)]
 10908 | D:5      | Reached skill level 5 in Short Blades
 10908 | D:5      | Reached XP level 8. HP: 1/58 MP: 1/8
 12153 | D:6      | Found a glowing drain.
 12175 | Sewer    | Entered a sewer
 12298 | Sewer    | Reached skill level 5 in Dodging
 12456 | D:6      | Found the +9 staff of Olgreb {rPois}
 13291 | D:6      | Found a runed gate.
 13292 | D:6      | Found a runed door.
 13306 | D:6      | Found a runed gate.
 13306 | D:6      | Found a runed gate.
 13314 | D:6      | Found a runed door.
 13517 | D:7      | Reached skill level 1 in Shields
 13550 | D:7      | Noticed a hippogriff
 13556 | D:7      | Killed a hippogriff
 14072 | D:6      | Reached skill level 1 in Polearms
 14072 | D:6      | Reached skill level 10 in Stealth
 14076 | D:6      | Reached XP level 9. HP: 46/65 MP: 6/9
 15438 | D:6      | Slain by a killer bee

Skill      XL: |  1  2  3  4  5  6  7  8  9 |
---------------+----------------------------+-----
Stealth        | 6 7 8 9 10 | 10.6
Armour         | 1 2 3 |  3.1
Fighting       | 2 3 4 |  4.2
Dodging        | 2 3 4 5 6 |  6.2
Short Blades   | 3 5 7 |  7.0
Throwing       | 2 |  2.4
Shields        | 1 |  1.3
Polearms       | 1 3 |  3.6

Action                   |  1- 3 |  4- 6 |  7- 9 || total
-------------------------+-------+-------+-------++-------
Melee: Dagger            |    75 |   186 |   217 ||   478
       Bite              |     4 |    17 |    24 ||    45
       Scythe            |       |       |    46 ||    46
 Fire: Blowgun           |       |    11 |     6 ||    17
 Abil: Bat Form          |       |       |     2 ||     2
       End Transformatio |       |       |     1 ||     1
Evoke: Wand              |       |     1 |       ||     1
  Use: Potion            |       |     1 |     9 ||    10
       Scroll            |       |       |    11 ||    11
 Stab: Sleeping          |    16 |    18 |     9 ||    43
       Paralysed         |       |     1 |       ||     1
       Distracted        |       |       |     3 ||     3
  Eat: Corpse            |     2 |     4 |     1 ||     7
Armor: Robe              |     9 |    41 |    52 ||   102
Dodge: Dodged            |    40 |    97 |   165 ||   302
Block: Buckler           |       |       |     3 ||     3
